 Dungeon Crawl Stone Soup version 0.30-a0-54-g2e61a25929 (webtiles) character file.

Game seed: 2596094637852505145

21 kae the Firebug (level 2, 0/20 HPs)
             Began as a Demigod Fire Elementalist on Sept 7, 2022.
             Slain by an adder (2 damage)
             ... on level 2 of the Dungeon.
             The game lasted 00:00:30 (653 turns).

kae the Firebug (Demigod Fire Elementalist)          Turns: 653, Time: 00:00:31

Health: 0/20       AC:  2    Str:  9    XL:     2   Next: 45%
Magic:  3/7        EV: 12    Int: 17    God:
Gold:   112        SH:  0    Dex: 14    Spells: 4/5 levels left

rFire   . . .      SeeInvis .    (no weapon)
rCold   . . .      Faith    .    (no shield)
rNeg    . . .      Spirit   .    a - +0 robe
rPois   .          Reflect  .    (no helmet)
rElec   .          Harm     .    (no cloak)
rCorr   .          Rampage  .    (no gloves)
Will    .....                    (no boots)
Stlth   ++........               (no amulet)
HPRegen 0.06/turn                (no ring)
MPRegen 0.10/turn                (no ring)

@: lethally poisoned (0 -> -1)
A: high MP 1, forlorn, divine attributes
a: no special abilities


You were on level 2 of the Dungeon.
You visited 1 branch of the dungeon, and saw 2 of its levels.

You collected 112 gold pieces.


Innate Abilities, Weirdness & Mutations

You have an increased reservoir of magic. (+10% MP)
You shall have no god before yourself.
Your divine heritage dramatically boosts your attributes as you level up.


   Skills:
 - Level 1.7 Dodging
 - Level 1.7 Stealth
 + Level 2.0 Spellcasting
 * Level 1.6 Conjurations
 * Level 3.1 Fire Magic


You had 4 spell levels left.
You knew the following spells:

 Your Spells              Type           Power      Damage    Failure   Level
a - Foxfire               Conj/Fire      36%        2x1d5     8%          1

Your spell library contained the following spells:

 Spells                   Type           Power      Damage    Failure   Level
 Scorch                   Fire           24%        2d6       9%          2
 Conjure Flame            Conj/Fire      9%         6-21      22%         3
 Inner Flame              Hex/Fire       7%         N/A       30%         3
 Flame Wave               Conj/Fire      9%         2d6       58%         4

Inventory:

Missiles
 c - 11 stones
Armour
 a - a +0 robe (worn)
Wands
 f - a wand of roots (6)
   (You found it on level 2 of the Dungeon)
Scrolls
 e - a scroll of silence {unknown}
Potions
 b - a potion of magic
 d - a potion of curing {unknown}

Dungeon Overview and Level Annotations

Branches:
Dungeon (1/15) Zot: 11346

########
#......########
#####..............
#ยง.....โ€
...........
#.@................
#)S................
#'##...##..........
~~.
#...##..........
#~.#
#.............##
#~#
#.............## #~
#.............## ##
............. #
....... #


You could see an adder.


Message History

e - a scroll labelled REFOSO GUAT ๐Ÿ˜Ž MP[+1]
A rat comes into view. ๐Ÿ˜Ž MP[+2]
Your mp is fully restored (7).
Unknown command.
A rat is nearby!
A rat is nearby!
A rat is nearby!
Casting: Foxfire (safe; 8% risk of failure)
Confirm with . or Enter, or press ? or * to list all spells.
You conjure some foxfire!
The foxfire hits the rat.
You kill the rat! ๐Ÿ˜Ž MP[-1]
You lost 1 mp, and now have 6/7 mp.
Casting: Foxfire (safe; 8% risk of failure)
Confirm with . or Enter, or press ? or * to list all spells.
You conjure some foxfire! ๐Ÿ˜Ž MP[-1]
You lost 1 mp, and now have 5/7 mp.
You now have 77 gold pieces (gained 12).
f - a wand of roots (6) ๐Ÿ˜Ž MP[+2]
Your mp is fully restored (7).
You now have 88 gold pieces (gained 11).
A hobgoblin comes into view.
The hobgoblin shouts!
A hobgoblin is nearby!
A hobgoblin is nearby!
Casting: Foxfire (safe; 8% risk of failure)
Confirm with . or Enter, or press ? or * to list all spells.
You conjure some foxfire!
The foxfire hits the hobgoblin.
The foxfire hits the hobgoblin but does no damage. ๐Ÿ˜Ž MP[-1]
You lost 1 mp, and now have 6/7 mp.
Casting: Foxfire (safe; 8% risk of failure)
Confirm with . or Enter, or press ? or * to list all spells.
You conjure some foxfire!
The foxfire hits the hobgoblin.
The foxfire hits the hobgoblin.
You kill the hobgoblin! ๐Ÿ˜Ž MP[-1]
You lost 1 mp, and now have 5/7 mp.
You now have 98 gold pieces (gained 10).
You see here a hobgoblin corpse.
You now have 112 gold pieces (gained 14).
As you open the door, it creaks loudly!
A kobold comes into view. It is wielding a +0 short sword.
You hear an angry hiss.
An adder comes into view. ๐Ÿ˜Ž MP[+2]
Your mp is fully restored (7).
There are monsters nearby!
There are monsters nearby!
Casting: Foxfire (safe; 8% risk of failure)
Confirm with . or Enter, or press ? or * to list all spells.
You conjure some foxfire!
The adder misses you.
The foxfire hits the adder.
The foxfire hits the kobold.
The adder barely misses you. ๐Ÿ˜Ž MP[-1]
You lost 1 mp, and now have 6/7 mp.
Casting: Foxfire (safe; 8% risk of failure)
Confirm with . or Enter, or press ? or * to list all spells.
You conjure some foxfire!
The adder bites you but does no damage. The kobold hits you but does no damage.
The foxfire hits the kobold but does no damage.
The foxfire hits the adder but does no damage.
The adder bites you.
You are poisoned.
The adder poisons you! The kobold closely misses you.
The adder bites you. ๐Ÿ˜ฎ HP[-5] MP[-1]
You take 5 damage, and now have 15/20 hp.
MASSIVE DAMAGE!! (PAUSE)
You lost 1 mp, and now have 5/7 mp.
There are monsters nearby!
Casting: Foxfire (safe; 8% risk of failure)
Confirm with . or Enter, or press ? or * to list all spells.
You conjure some foxfire!
You feel sick. The adder barely misses you.
The kobold hits you with a +0 short sword.
* * * LOW HITPOINT WARNING * * *
You feel sick.
The foxfire hits the adder.
The foxfire hits the kobold but does no damage.
The adder barely misses you.
The kobold hits you with a +0 short sword.
* * * LOW HITPOINT WARNING * * *
There are monsters nearby!
Unknown command.
Casting: Foxfire (safe; 8% risk of failure)
Confirm with . or Enter, or press ? or * to list all spells.
You conjure some foxfire!
You feel sick. The adder closely misses you.
The kobold hits you with a +0 short sword.
* * * LOW HITPOINT WARNING * * *
The adder bites you.
* * * LOW HITPOINT WARNING * * *
* * * LOW HITPOINT WARNING * * *
You feel sick.
The foxfire hits the adder.
The foxfire hits the kobold.
You kill the kobold!
The adder bites you.
You die...

Skill      XL: |  1  2 |
---------------+-------+-----
Conjurations   | 1 |  1.6
Fire Magic     | 3 |  3.1
Spellcasting   | 2 |  2.0
Dodging        | |  1.7
Stealth        | |  1.7

Action                   || total
-------------------------++-------
Melee: Unarmed           ||     1
 Cast: Foxfire           ||    35
Armor: Robe              ||     6
Dodge: Dodged            ||    19

Levels and vault maps discovered:
D:1:      tarquinn_simple_flora_water_c, layout_loops_ring,
          shapermc_ecumenical_altar_mp_urbaneastern
D:2:      layout_basic, chequers_serial_rivers_room_b, corexii_corridor_pit,
          kennysheep_generic_room_14

Notes
Turn   | Place    | Note
-------+----------+-------------------------------------------
     0 | D:1      | kae the Demigod Fire Elementalist began the quest for the
                  | Orb.
     0 | D:1      | Reached XP level 1. HP: 14/14 MP: 5/5
     0 | D:1      | magus.rc [v1.11.3]
    29 | D:1      | Reached skill level 1 in Conjurations
   342 | D:1      | Reached XP level 2. HP: 16/20 MP: 2/7
   348 | D:1      | Reached skill level 3 in Fire Magic
   437 | D:1      | Reached skill level 2 in Spellcasting
   562 | D:1      | You fall into a shaft and drop 1 floor!
   652 | D:2      | HP: 5/20 [poisoned by an adder]
   653 | D:2      | HP: 2/20 [poisoned by an adder]
   653 | D:2      | Slain by an adder

Vanquished Creatures
  2 bats (D:1)
  An endoplasm (D:1)
  A giant cockroach (D:1)
  A goblin (D:1)
  3 hobgoblins
  3 jackals (D:1)
  4 kobolds
  A ball python (D:1)
  A frilled lizard (D:1)
  3 rats
20 creatures vanquished.

Vanquished Creatures (others)
  58 foxfires
58 creatures vanquished.

Grand Total: 78 creatures vanquished

Table legend:
 A = Non-vault XP
 B = Vault XP
 C = Vault XP percentage of total XP
 D = Non-vault monster count
 E = Vault monster count
 F = Vault count percentage of total count
                 A         B        C        D         E       F
            +---------+---------+-------+---------+---------+-------
      Total |      30 |       2 |   6.2 |      19 |       1 |   5.0
            +---------+---------+-------+---------+---------+-------
        D:1 |      27 |       0 |   0.0 |      17 |       0 |   0.0
        D:2 |       3 |       2 |  40.0 |       2 |       1 |  33.3
            +---------+---------+-------+---------+---------+-------

Illustrated notes

Table legend:
 A = Kills in this place as a percentage of kills in entire the game.
 B = Kills by you in this place as a percentage of kills by you in the entire game.
 C = Kills by friends in this place as a percentage of kills by friends in the entire game.
 D = Other kills in this place as a percentage of other kills in the entire game.
 E = Experience gained in this place as a percentage of experience gained in the entire game.
 F = Experience gained in this place divided by the number of levels of this place that you have seen.
                   A       B       C       D       E      F
               +-------+-------+-------+-------+-------+----------------------
         Total | 100.0 | 100.0 |   N/A |   N/A | 100.0 |  16.0
       Dungeon | 100.0 | 100.0 |   N/A |   N/A | 100.0 |  16.0
               +-------+-------+-------+-------+-------+----------------------

Table legend: (Time is in decaauts)
 A = Elapsed time spent in this place.
 B = Non-inter-level travel time spent in this place.
 C = Inter-level travel time spent in this place.
 D = Time resting spent in this place.
 E = Time spent auto-exploring this place.
 F = Levels seen in this place.
 G = Mean time per level.
                   A        B        C        D        E       F      G
               +--------+--------+--------+--------+--------+-----+--------+
         Total |    652 |    652 |      0 |      0 |    539 |   2 |  326.0 |
       Dungeon |    652 |    652 |      0 |      0 |    539 |   2 |  326.0 |
               +--------+--------+--------+--------+--------+-----+--------+

Top non-repeatable levels by time:
     D:1: 562 daAuts
     D:2: 90 daAuts
